 Dungeon Crawl Stone Soup version 0.27-a0-1193-g8631133 (webtiles) character file.

Game seed: 16601396989680336534

119 Illumine the Shield-Bearer (level 5, 0/42 HPs)
             Began as a Formicid Fighter on May 25, 2021.
             Slain by an orc
             ... wielding a +0 war axe
              (7 damage)
             ... on level 2 of the Dungeon.
             The game lasted 00:02:26 (2303 turns).

Illumine the Shield-Bearer (Formicid Fighter)       Turns: 2303, Time: 00:02:26

Health: 0/42       AC:  9    Str: 22    XL:     5   Next: 24%
Magic:  5/5        EV:  8    Int:  7    God:
Gold:   103        SH:  9    Dex: 10    Spells: 4/4 levels left

rFire    . . .     SeeInvis +   a - +0 trident
rCold    . . .     Faith    .   c - +0 kite shield
rNeg     . . .     Spirit   .   b - +0 scale mail
rPois    .         Reflect  .   (helmet unavailable)
rElec    .         Harm     .   n - +1 cloak
rCorr    .         Rampage  .   (no gloves)
Will     +....                  (no boots)
Stlth    ..........             (no amulet)
HPRegen  0.14/turn              g - ring of willpower
MPRegen  0.09/turn              (no ring)

@: no status effects
A: permanent stasis, dig shafts and tunnels, antennae 3, four strong arms
a: Dig, Shaft Self


You were on level 2 of the Dungeon.
You visited 1 branch of the dungeon, and saw 3 of its levels.

You collected 103 gold pieces.

Inventory:

Hand Weapons
 a - a +0 trident (weapon)
Missiles
 j - 12 poisoned darts
 l - 2 atropa-tipped darts
Armour
 b - a +0 scale mail (worn)
 c - a +0 kite shield (worn)
 n - a +1 cloak (worn)
Jewellery
 g - a ring of willpower (left hand)
Scrolls
 e - 2 scrolls of identify {unknown}
 h - a scroll of magic mapping {unknown}
 p - a scroll of teleportation {unknown}
Potions
 d - a potion of might
 f - 2 potions of attraction {unknown}
 i - a potion of degeneration {unknown}
 k - a potion of magic {unknown}
 m - a potion of brilliance {unknown}
 o - a potion of berserk rage {unknown}


   Skills:
 + Level 4.1 Fighting
 * Level 3.8 Polearms
 - Level 3.2 Armour
 + Level 4.5 Shields


You had 4 spell levels left.
You didn't know any spells.
Your spell library was empty.

Dungeon Overview and Level Annotations

Branches:
Dungeon (3/15)

Altars:
Yredelemnul

Shops:
D:1 =


Innate Abilities, Weirdness & Mutations

You cannot be hasted, slowed, berserked, paralysed or teleported.
You can dig through walls and to a lower floor.
You have a pair of large antennae on your head. (SInv)
Your four strong arms can wield two-handed weapons with a shield.


Message History

There is a stone staircase leading down here.
You hit the orc priest.
The orc priest is moderately wounded.
The orc hits you but does no damage. The orc priest barely misses you.
The orc closely misses you.
You hit the orc priest but do no damage.
The orc priest is moderately wounded.
You block the orc priest's attack. The orc hits you but does no damage.
You hit the orc priest.
The orc priest is severely wounded.
The orc priest completely misses you. You block the orc's attack.
The orc priest calls down the wrath of Beogh upon you.
Beogh smites you!
You puncture the orc priest!
You kill the orc priest!
You block the orc's attack.
You have reached level 5!
You completely miss the orc. You block the orc's attack.
The orc hits you with a +0 club. The orc hits you with a +0 war axe.
You block the orc's attack.
You hit the orc but do no damage. The orc hits you with a +0 war axe!
You block the orc's attack.
You hit the orc.
The orc is moderately wounded.
The orc hits you with a +0 war axe.
* * * LOW HITPOINT WARNING * * *
You block the orc's attack.
You closely miss the orc.
The orc is moderately wounded.
You block the orc's attack. x2
You barely miss the orc.
The orc is moderately wounded.
The orc hits you but does no damage. The orc hits you with a +0 club.
* * * LOW HITPOINT WARNING * * *
The orc hits you with a +0 war axe.
* * * LOW HITPOINT WARNING * * *
You hit the orc.
The orc is almost dead.
You block the orc's attack. The orc hits you with a +0 war axe!
You die...

#######.##.......#..#.#..##......
#.......#........................
#.##.###....####.######.###......
#.##.# ##..## #.# #># ######.
#.##.# ♣....♣ #.# #.# #. #.##.#
♣...♣♣ ### ##.# #. #....# ♣♣.♣♣
### #..########( .....# ♣.♣♣ #o#
#......##... #.##.# ♣♣.♣ #@#
#.####.##.## ..#### ♣.♣♣ #o#
#.##.......# ..#### ♣♣.♣
#.#####.##........ .....# ##)##
#..........#.##..# ...### #...#
#.#####..#....#... ...# #...# ###
#.......##.# ...# #..)#
###......... #### #####
#..####### #..#######


You could see 2 orcs.

Vanquished Creatures
  An orc priest (D:2)
  Crazy Yiuf (D:2)
  An adder (D:2)
  3 dart slugs
  An orc (D:3)
  5 ball pythons
  5 endoplasms
  4 giant cockroaches
  2 goblins (D:1)
  5 hobgoblins
  3 jackals (D:1)
  2 kobolds
  2 quokkas (D:1)
  2 bats
  5 frilled lizards
  5 rats
47 creatures vanquished.

Notes
Turn   | Place    | Note
-------+----------+-------------------------------------------
     0 | D:1      | Illumine the Formicid Fighter began the quest for the Orb.
     0 | D:1      | Reached XP level 1. HP: 18/18 MP: 1/1
   118 | D:1      | Reached XP level 2. HP: 24/24 MP: 2/2
   294 | D:1      | Found a faded altar of an unknown god.
   450 | D:1      | Reached XP level 3. HP: 29/29 MP: 3/3
  1151 | D:1      | Found Pannilor's Jewellery Boutique.
  1294 | D:2      | Reached XP level 4. HP: 33/37 MP: 4/4
  1784 | D:2      | Found a runed translucent door.
  1785 | D:2      | Noticed Crazy Yiuf
  1796 | D:2      | Killed Crazy Yiuf
  2088 | D:2      | Found a basalt altar of Yredelemnul.
  2298 | D:2      | Reached XP level 5. HP: 30/42 MP: 5/5
  2303 | D:2      | Slain by an orc

Illustrated notes

Levels and vault maps discovered:
D:1:      giann_horns, layout_loops_corners,
          hellmonk_ecumenical_altar_slurped_away, serial_shops, shop
D:2:      layout_loops_cross, basic_altar, minmay_hexomino_u4,
          uniq_crazy_yiuf_cottage
D:3:      layout_rooms, saegor_snake_ambush

Skill      XL: |  1  2  3  4 |
---------------+-------------+-----
Shields        | 4 |  4.5
Polearms       | 3 |  3.8
Fighting       | 4 |  4.1
Armour         | |  3.2

Action                   |  1- 3 |  4- 6 || total
-------------------------+-------+-------++-------
Melee: Trident           |    95 |    52 ||   147
Armor: Scale mail        |    35 |    16 ||    51
Dodge: Dodged            |    23 |    14 ||    37
Block: Kite shield       |    63 |    26 ||    89

Table legend: (Time is in decaauts)
 A = Elapsed time spent in this place.
 B = Non-inter-level travel time spent in this place.
 C = Inter-level travel time spent in this place.
 D = Time resting spent in this place.
 E = Time spent auto-exploring this place.
 F = Levels seen in this place.
 G = Mean time per level.
                   A        B        C        D        E       F      G
               +--------+--------+--------+--------+--------+-----+--------+
         Total |   2349 |   2254 |     95 |    379 |   1502 |   3 |  783.0 |
       Dungeon |   2349 |   2254 |     95 |    379 |   1502 |   3 |  783.0 |
               +--------+--------+--------+--------+--------+-----+--------+

Top non-repeatable levels by time:
     D:1: 1234 daAuts
     D:2: 967 daAuts
     D:3: 147 daAuts
